MLB
CHICAGO WHITE SOX @ KANSAS CITY ROYALS
04/27/2018
 
TOP OF THE 1ST
Chicago White Sox batting - Pitching for Kansas City Royals : LHP Danny Duffy
Pitching: LHP Danny Duffy
Batting: LHB Andrew Toles 0-0: Called Strike
0-1: Ball
1-1: Bunted foul
1-2: Ball
2-2: Strikes out swinging
Batting: RHB Justin Turner 0-0: Called Strike
0-1: Ball
1-1: SINGLE (Line Drive, 9LS)
Batting: RHB J.D. Martinez 0-0: Ball
1-0: Ball
2-0: Ball
3-0: Called Strike
3-1: Base on Balls
Justin Turner to second
Batting: RHB Jonathan Lucroy 0-0: 3-RUN HOME RUN (Flyball, 7D), Distance : 374 ft
Batting: LHB Daniel Murphy 0-0: Ball
1-0: Swinging Strike
1-1: Called Strike
1-2: Ground out 5-3 (Groundball, 6S)
Batting: LHB Michael Brantley 0-0: Ball
1-0: Foul Ball, location: 2F
1-1: Ground out 4-3 (Groundball, 4D)
Top of the 1st over - 3 runs, 2 hits, 0 errors, 0 left on base; Chicago 3 - Kansas City 0
BOTTOM OF THE 1ST
Kansas City Royals batting - Pitching for Chicago White Sox : RHP Ross Stripling
Pitching: RHP Ross Stripling
Batting: LHB Joe Mauer 0-0: SINGLE (Groundball, 6M) (infield hit)
Batting: LHB Jesse Winker 0-0: Called Strike
0-1: Foul Ball, location: 2F
0-2: Ball
1-2: Foul Ball, location: 2F
1-2: Ball
2-2: Foul Ball, location: 2F
2-2: Fielders Choice at 2nd, 4-6 (Groundball, 34)
Batting: RHB Albert Pujols 0-0: Swinging Strike
0-1: Swinging Strike
0-2: Ball
1-2: Grounds into double play, 5-4-3 (Groundball, 5L)
Bottom of the 1st over - 0 runs, 1 hit, 0 errors, 0 left on base; Chicago 3 - Kansas City 0
TOP OF THE 2ND
Chicago White Sox batting - Pitching for Kansas City Royals : LHP Danny Duffy
Batting: LHB Brandon Belt 0-0: Called Strike
0-1: Ground out 5-3 (Groundball, 6M)
Batting: RHB Cheslor Cuthbert 0-0: Ball
1-0: Ball
2-0: Called Strike
2-1: Fly out, F4 (Line Drive, 4)
Batting: RHB Brandon Phillips 0-0: Swinging Strike
0-1: Ball
1-1: Ball
2-1: Ground out 5-3 (Groundball, 56)
Top of the 2nd over - 0 runs, 0 hits, 0 errors, 0 left on base; Chicago 3 - Kansas City 0
BOTTOM OF THE 2ND
Kansas City Royals batting - Pitching for Chicago White Sox : RHP Ross Stripling
Batting: SHB Melky Cabrera 0-0: Ball
1-0: Called Strike
1-1: Fly out, F7 (Line Drive, 7)
Batting: SHB Matt Wieters 0-0: Fly out, F7 (Flyball, 7)
Batting: LHB Raimel Tapia 0-0: SINGLE (Groundball, 6MD)
Batting: SHB Jurickson Profar 0-0: Ball
1-0: Ball
2-0: Ground out U3 (Groundball, 34)
Bottom of the 2nd over - 0 runs, 1 hit, 0 errors, 1 left on base; Chicago 3 - Kansas City 0
TOP OF THE 3RD
Chicago White Sox batting - Pitching for Kansas City Royals : LHP Danny Duffy
Batting: LHB Andrew Toles 0-0: Ball
1-0: Foul Ball, location: 2F
1-1: Foul Ball, location: 2F
1-2: Foul Ball, location: 2F
1-2: Strikes out swinging
Batting: RHB Justin Turner 0-0: Foul Ball, location: 2F
0-1: Swinging Strike
0-2: Ball
1-2: Foul Ball, location: 2F
1-2: Ball
2-2: Fly out, F9 (Line Drive, 9)
Batting: RHB J.D. Martinez 0-0: Ball
1-0: Fly out, F7 (Flyball, 7LS)
Top of the 3rd over - 0 runs, 0 hits, 0 errors, 0 left on base; Chicago 3 - Kansas City 0
BOTTOM OF THE 3RD
Kansas City Royals batting - Pitching for Chicago White Sox : RHP Ross Stripling
Batting: LHB Luis Valbuena 0-0: Called Strike
0-1: Called Strike
0-2: Hit by Pitch
Batting: LHB Tyler Wade 0-0: Ball
1-0: Foul Ball, location: 2F
1-1: Swinging Strike
1-2: Strikes out swinging
Batting: LHB Joe Mauer 0-0: Swinging Strike
0-1: Swinging Strike
0-2: Ball
1-2: Ball
2-2: Strikes out swinging
Batting: LHB Jesse Winker 0-0: Foul Ball, location: 2F
0-1: Ball
1-1: SINGLE (Groundball, 4MD)
Luis Valbuena to second
Runner from 2nd tries for 3rd, SAFE, throw made to third
Batting: RHB Albert Pujols 0-0: SINGLE (Line Drive, 7S)
Luis Valbuena scores
Jesse Winker to second
Batting: SHB Melky Cabrera 0-0: Ball
1-0: Ball
2-0: Foul Ball, location: 2F
2-1: Ball
3-1: SINGLE (Groundball, 34D)
Jesse Winker to third
Albert Pujols to second
Runner from 3rd tries for Home, SAFE, no throw
Batting: SHB Matt Wieters 0-0: Called Strike
0-1: Ball
1-1: Called Strike
1-2: Strikes out swinging
Bottom of the 3rd over - 2 runs, 3 hits, 0 errors, 2 left on base; Chicago 3 - Kansas City 2
TOP OF THE 4TH
Chicago White Sox batting - Pitching for Kansas City Royals : LHP Danny Duffy
Batting: RHB Jonathan Lucroy 0-0: Ball
1-0: Called Strike
1-1: Foul Ball, location: 2F
1-2: Strikes out looking
Batting: LHB Daniel Murphy 0-0: Ground out 1-3 (Groundball, 13S)
Batting: LHB Michael Brantley 0-0: DOUBLE (Flyball, 78XD)
Batting: LHB Brandon Belt 0-0: Ball
1-0: Called Strike
1-1: Ball
2-1: Ball
3-1: Base on Balls
Batting: RHB Cheslor Cuthbert 0-0: Fly out, F5 (Popup, 25)
Top of the 4th over - 0 runs, 1 hit, 0 errors, 2 left on base; Chicago 3 - Kansas City 2
BOTTOM OF THE 4TH
Kansas City Royals batting - Pitching for Chicago White Sox : RHP Ross Stripling
Batting: LHB Raimel Tapia 0-0: Called Strike
0-1: Foul Ball, location: 2F
0-2: Strikes out swinging
Batting: SHB Jurickson Profar 0-0: Ball
1-0: Ball
2-0: Foul Ball, location: 2F
2-1: Foul Ball, location: 2F
2-2: Ball
3-2: Strikes out swinging
Batting: LHB Luis Valbuena 0-0: Ball
1-0: Ball
2-0: Foul Ball, location: 2F
2-1: Ball
3-1: Called Strike
3-2: DOUBLE (Line Drive, 9LS)
Batting: LHB Tyler Wade 0-0: Ground out U3 (Groundball, 3)
Bottom of the 4th over - 0 runs, 1 hit, 0 errors, 1 left on base; Chicago 3 - Kansas City 2
TOP OF THE 5TH
Chicago White Sox batting - Pitching for Kansas City Royals : LHP Danny Duffy
Batting: RHB Brandon Phillips 0-0: Ball
1-0: Ball
2-0: Ground out 1-3 (Groundball, 34S)
Batting: LHB Andrew Toles 0-0: Called Strike
0-1: Called Strike
0-2: Ball
1-2: Strikes out swinging
Batting: RHB Justin Turner 0-0: Ball
1-0: Foul Ball, location: 2F
1-1: Called Strike
1-2: Ball
2-2: Foul Ball, location: 2F
2-2: Ground out 4-3 (Groundball, 34)
Top of the 5th over - 0 runs, 0 hits, 0 errors, 0 left on base; Chicago 3 - Kansas City 2
BOTTOM OF THE 5TH
Kansas City Royals batting - Pitching for Chicago White Sox : RHP Ross Stripling
Batting: LHB Joe Mauer 0-0: Fly out, F7 (Flyball, 7)
Batting: LHB Jesse Winker 0-0: Called Strike
0-1: Foul Ball, location: 2F
0-2: Ball
1-2: Ball
2-2: Strikes out looking
Batting: RHB Albert Pujols 0-0: Swinging Strike
0-1: Ball
1-1: Foul Ball, location: 2F
1-2: Foul Ball, location: 2F
1-2: Ball
2-2: Ground out 2-3 (Groundball, 15S)
Bottom of the 5th over - 0 runs, 0 hits, 0 errors, 0 left on base; Chicago 3 - Kansas City 2
TOP OF THE 6TH
Chicago White Sox batting - Pitching for Kansas City Royals : LHP Danny Duffy
Batting: RHB J.D. Martinez 0-0: Ball
1-0: Ground out 1-3 (Groundball, P)
Batting: RHB Jonathan Lucroy 0-0: Fly out, F8 (Flyball, 8RD)
Batting: LHB Daniel Murphy 0-0: Ball
1-0: Called Strike
1-1: Ball
2-1: Ground out 1-3 (Groundball, 25)
Top of the 6th over - 0 runs, 0 hits, 0 errors, 0 left on base; Chicago 3 - Kansas City 2
BOTTOM OF THE 6TH
Kansas City Royals batting - Pitching for Chicago White Sox : RHP Ross Stripling
Batting: SHB Melky Cabrera 0-0: TRIPLE (Line Drive, 89XD)
Batting: SHB Matt Wieters 0-0: Called Strike
0-1: Swinging Strike
0-2: Ball
1-2: Fly out, F9 (Flyball, 9S)
Batting: LHB Raimel Tapia 0-0: Ball
1-0: Ball
2-0: Called Strike
2-1: Ball
3-1: Base on Balls
Batting: SHB Jurickson Profar 0-0: Foul Ball, location: 2F
0-1: Ground out U3 (Groundball, 3)
Raimel Tapia to second
Batting: LHB Luis Valbuena 0-0: Ball
1-0: Ball
2-0: Fly out, F7 (Line Drive, 7)
Bottom of the 6th over - 0 runs, 1 hit, 0 errors, 2 left on base; Chicago 3 - Kansas City 2
TOP OF THE 7TH
Chicago White Sox batting - Pitching for Kansas City Royals : LHP Danny Duffy
Batting: LHB Michael Brantley 0-0: Ball
1-0: DOUBLE (Line Drive, 89M)
Batting: LHB Brandon Belt 0-0: Ball
1-0: Called Strike
1-1: Swinging Strike
1-2: Ball
2-2: Foul Ball, location: 2F
2-2: Foul Ball, location: 2F
2-2: Strikes out swinging
Batting: RHB Cheslor Cuthbert 0-0: Called Strike
0-1: Foul Ball, location: 2F
0-2: SINGLE (Flyball, 9S)
Michael Brantley to third
Batting: RHB Brandon Phillips 0-0: Grounds into double play, 4-6-3 (Groundball, 4)
Top of the 7th over - 0 runs, 2 hits, 0 errors, 1 left on base; Chicago 3 - Kansas City 2
BOTTOM OF THE 7TH
Kansas City Royals batting - Pitching for Chicago White Sox : RHP Ross Stripling
Pitching: LHP Jared Miller
Batting: LHB Tyler Wade 0-0: Called Strike
0-1: Ball
1-1: Swinging Strike
1-2: Foul Ball, location: 2F
1-2: Ball
2-2: Ball
3-2: Base on Balls
Batting: LHB Joe Mauer 0-0: Called Strike
0-1: Fielders Choice at 2nd, 1-6 (Groundball, 34S)
Batting: LHB Jesse Winker 0-0: Fly out, F7 (Flyball, 7S)
Batting: RHB Albert Pujols 0-0: Ball
1-0: Called Strike
1-1: Fly out, F6 (Popup, 6S)
Bottom of the 7th over - 0 runs, 0 hits, 0 errors, 1 left on base; Chicago 3 - Kansas City 2
TOP OF THE 8TH
Chicago White Sox batting - Pitching for Kansas City Royals : LHP Danny Duffy
Pitching: LHP Chasen Shreve
Batting: LHB Andrew Toles 0-0: Ball
1-0: Ground out 4-3 (Groundball, 4)
Batting: RHB Justin Turner 0-0: Called Strike
0-1: Ball
1-1: Foul Ball, location: 2F
1-2: Fly out, F8 (Flyball, 8RS)
Batting: RHB J.D. Martinez 0-0: Ball
1-0: Ball
2-0: Ball
3-0: Base on Balls
Batting: RHB Jonathan Lucroy 0-0: Foul Ball, location: 2F
0-1: Called Strike
0-2: Ball
1-2: Strikes out looking
Top of the 8th over - 0 runs, 0 hits, 0 errors, 1 left on base; Chicago 3 - Kansas City 2
BOTTOM OF THE 8TH
Kansas City Royals batting - Pitching for Chicago White Sox : LHP Jared Miller
Pitching: LHP Richard Lovelady
Batting: SHB Melky Cabrera 0-0: Called Strike
0-1: Foul Ball, location: 2F
0-2: Foul Ball, location: 2F
0-2: Ground out 5-3 (Groundball, 56)
Batting: SHB Matt Wieters 0-0: Ball
1-0: Called Strike
1-1: Foul Ball, location: 2F
1-2: Ground out 4-3 (Groundball, 34)
Batting: LHB Raimel Tapia 0-0: Swinging Strike
0-1: Ball
1-1: Fly out, F9 (Flyball, 89S)
Bottom of the 8th over - 0 runs, 0 hits, 0 errors, 0 left on base; Chicago 3 - Kansas City 2
TOP OF THE 9TH
Chicago White Sox batting - Pitching for Kansas City Royals : LHP Chasen Shreve
Pitching: RHP Carl Edwards Jr.
Batting: LHB Daniel Murphy 0-0: Ball
1-0: Ball
2-0: Called Strike
2-1: Swinging Strike
2-2: Foul Ball, location: 2F
2-2: Strikes out swinging
Batting: LHB Michael Brantley 0-0: Ball
1-0: Ball
2-0: Called Strike
2-1: Ball
3-1: Ground out 3-1 (Groundball, 34)
Batting: LHB Brandon Belt 0-0: Ball
1-0: Foul Ball, location: 2F
1-1: Foul Ball, location: 2F
1-2: SOLO HOME RUN (Flyball, 9LD), Distance : 337 ft
Batting: RHB Cheslor Cuthbert 0-0: Called Strike
0-1: Ball
1-1: Foul Ball, location: 2F
1-2: Strikes out looking
Top of the 9th over - 1 run, 1 hit, 0 errors, 0 left on base; Chicago 4 - Kansas City 2
BOTTOM OF THE 9TH
Kansas City Royals batting - Pitching for Chicago White Sox : LHP Richard Lovelady
Pitching: RHP Trevor Gott
Batting: SHB Jurickson Profar 0-0: Called Strike
0-1: Foul Ball, location: 2F
0-2: Ball
1-2: Ball
2-2: Ball
3-2: Fly out, F7 (Flyball, 7)
Batting: LHB Luis Valbuena 0-0: Foul Ball, location: 2F
0-1: Ball
1-1: Ball
2-1: SOLO HOME RUN (Flyball, 89XD), Distance : 405 ft
Batting: LHB Tyler Wade 0-0: Swinging Strike
0-1: Ball
1-1: Fly out, F7 (Flyball, 78XD)
Batting: LHB Joe Mauer 0-0: Ball
1-0: Foul Ball, location: 2F
1-1: Swinging Strike
1-2: Foul Ball, location: 2F
1-2: SINGLE (Groundball, 6) (infield hit)
Batting: LHB Jesse Winker 0-0: Ball
1-0: Ball
2-0: Fielders Choice at 2nd, 6-4 (Groundball, 56)
Bottom of the 9th over - 1 run, 2 hits, 0 errors, 1 left on base; Chicago 4 - Kansas City 3
Sunday, June 17th, 2018 - OOTP Baseball 19.6 Build 53